 Dungeon Crawl Stone Soup version 0.31-a0-154-g56bf346678 (webtiles) character file.

Game seed: 3023898575301058326

143 Drazool the Magician (level 5, -2/40 HPs)
             Began as a Djinni Chaos Knight on June 11, 2023.
             Was a Plaything of Xom.
             Slain by Dowan the scorpion (4 damage)
             ... on level 4 of the Dungeon.
             The game lasted 00:12:37 (2764 turns).

Drazool the Magician (Djinni Chaos Knight)          Turns: 2764, Time: 00:12:38

Health: -2/40      AC:  5    Str: 11    XL:     5   Next: 50%
Gold:   137        EV: 16    Int: 16    God:    Xom [....*.] SH:  0 Dex: 10

rFire   + + .        a - +0 falchion (chaos)
rCold   x . .        (no shield)
rNeg    . . .        b - +2 leather armour
rPois   ∞            (no helmet)
rElec   .            (no cloak)
rCorr   .            (no gloves)
SInv    +            (boots unavailable)
Will    .....        p - amulet of the acrobat
Stlth   +            v - ring of see invisible
HPRegen 0.00/turn    E - +5 ring of evasion
MPRegen 0.00/turn

%: acrobat, infuse magic (-3 HP)
@: flying, inhibited regen
A: sickness immunity, fire resistance 2, cold vulnerability 1, float, innate
caster, HP casting, extra vitality 1, clumsy 1, mutation resistance 1, inhibited
regeneration
a: Renounce Religion


You were on level 4 of the Dungeon.
You worshipped Xom.
You were a beloved toy of Xom.
You visited 1 branch of the dungeon, and saw 4 of its levels.

You collected 137 gold pieces.


Innate Abilities, Weirdness & Mutations

You are immune to sickness and miasma.
You are immune to poison.
Your flesh is very heat resistant. (rF++)
You are vulnerable to cold. (rC-)
You float through the air rather than walking.
You learn spells naturally, not from books.
Your magical power is your life essence.
You have superior vitality. (+4 MHP)
You are clumsy. (Dex -2)
You are somewhat resistant to further mutation.
You do not regenerate when monsters are visible.


   Skills:
 - Level 3.0 Fighting
 - Level 2.6 Long Blades
 - Level 1.0 Armour
 - Level 2.1 Dodging
 + Level 3.4 Spellcasting
 + Level 3.4 Conjurations
 + Level 3.4 Hexes
 + Level 3.4 Summonings
 + Level 3.4 Necromancy
 + Level 3.4 Translocations
 + Level 3.4 Transmutations
 + Level 3.4 Fire Magic
 + Level 3.4 Ice Magic
 + Level 3.4 Air Magic
 + Level 3.4 Earth Magic
 + Level 3.4 Poison Magic


You knew the following spells:

 Your Spells              Type           Power      Damage    Failure   Level
a - Passwall              Tmut/Erth      10%        N/A       9%          2
f - Freeze                Ice            52%        1d6       6%          1
Your spell library was empty.

Inventory:

Hand Weapons
 a - a +0 falchion of chaos (weapon)
Armour
 b - a +2 leather armour (worn)
Jewellery
 p - an amulet of the acrobat (around neck)
 v - a ring of see invisible (left hand)
 C - a ring of ice
 E - a +5 ring of evasion (right hand)
 R - a ring of resist corrosion
Scrolls
 g - 2 scrolls of teleportation {unknown}
 k - a scroll of enchant armour {unknown}
 m - a scroll of torment {unknown}
 o - a scroll of amnesia {unknown}
Potions
 d - a potion of lignification {unknown}
 e - a potion of degeneration {unknown}
 f - a potion of mutation
 h - 2 potions of enlightenment {unknown}
 i - a potion of resistance {unknown}
 j - a potion of brilliance {unknown}
 l - a potion of haste {unknown}
 n - a potion of curing {unknown}
Miscellaneous
 c - a piece from Xom's chessboard (15/15)

Dungeon Overview and Level Annotations

Branches:
Dungeon (4/15)
 Temple: D:4-7

Altars:
Xom

Shops:
D:2 =   D:3 =

Annotations:
D:4 Dowan

#### #.# . .....
#.# .#
.....##.######.#
..[.>..........###
......(....$.....#
.....##.).....#
#............##.
#.####)..)...⚑..#
#.@.....##..
#.####.#s.....#
#..............#
#.#...†.#..#..#.#
#.......#....##
........[....##
#.............#
#...!...(.....##
##.#...#.....§.#


You could see Dowan the scorpion (resistant).


Message History

Unknown command.
You hit Dowan.
Dowan is moderately wounded.
Dowan blinks!
Unknown command. "Just a minor improvement..."
There is a stone staircase leading up here.
You hit Dowan. You burn Dowan.
Dowan is moderately wounded.
Dowan completely misses you.
Unknown command.
You hit Dowan.
Dowan is moderately wounded.
Dowan barely misses you. Dowan stings you.
* * * LOW HITPOINT WARNING * * *
Unknown command.
You hit Dowan but do no damage.
Dowan suddenly seems more resistant.
Dowan is moderately wounded.
Dowan stings you.
* * * LOW HITPOINT WARNING * * *
Unknown command.
You closely miss Dowan.
Dowan is moderately wounded.
Dowan barely misses you.
Unknown command.
You closely miss Dowan.
Dowan is moderately wounded.
Dowan stings you.
You die...
Xom roars with laughter!

Skill      XL: |  1  2  3  4 |
---------------+-------------+-----
Spellcasting   | 1 2 3 |  3.4
Conjurations   | 1 2 3 |  3.4
Hexes          | 1 2 3 |  3.4
Summonings     | 1 2 3 |  3.4
Necromancy     | 1 2 3 |  3.4
Translocations | 1 2 3 |  3.4
Transmutations | 1 2 3 |  3.4
Fire Magic     | 1 2 3 |  3.4
Ice Magic      | 1 2 3 |  3.4
Air Magic      | 1 2 3 |  3.4
Earth Magic    | 1 2 3 |  3.4
Poison Magic   | 1 2 3 |  3.4
Fighting       | |  3.0
Long Blades    | |  2.6
Armour         | |  1.0
Dodging        | |  2.1

Action                     |  1- 3 |  4- 6 || total
---------------------------+-------+-------++-------
  Melee: Falchion          |    79 |    52 ||   131
   Cast: Freeze            |    16 |    49 ||    65
    Use: Potion            |       |     1 ||     1
   Stab: Confused          |     1 |       ||     1
 Armour: Leather armour    |    40 |    15 ||    55
  Dodge: Dodged            |    64 |    71 ||   135

Levels and vault maps discovered:
D:1:      dpeg_arrival_subterranean_lakeside_camping, layout_rooms
D:2:      layout_basic, basic_altar, dilly_ecumenical_altar_fadedgnrine,
          serial_shops, shop, kennysheep_generic_room_16
D:3:      layout_loops_corners, serial_shops, shop
D:4:      layout_loops_ring, lemuel_blue_sif_altar, uniq_duvessa

Notes
Turn   | Place    | Note
-------+----------+-------------------------------------------
     0 | D:1      | Drazool the Djinni Chaos Knight began the quest for the
                  | Orb.
     0 | D:1      | Reached XP level 1. HP: 20/20 MP: 0/0
     2 | D:1      | You are sucked into a shaft and drop 1 floor!
   125 | D:2      | Reached skill level 1 in Spellcasting
   125 | D:2      | Reached skill level 1 in Conjurations
   125 | D:2      | Reached skill level 1 in Hexes
   125 | D:2      | Reached skill level 1 in Summonings
   125 | D:2      | Reached skill level 1 in Necromancy
   125 | D:2      | Reached skill level 1 in Translocations
   125 | D:2      | Reached skill level 1 in Transmutations
   125 | D:2      | Reached skill level 1 in Fire Magic
   125 | D:2      | Reached skill level 1 in Ice Magic
   125 | D:2      | Reached skill level 1 in Air Magic
   125 | D:2      | Reached skill level 1 in Earth Magic
   125 | D:2      | Reached skill level 1 in Poison Magic
   125 | D:2      | Reached XP level 2. HP: 19/25 MP: 0/0
   327 | D:1      | Reached XP level 3. HP: 30/30 MP: 0/0
   327 | D:1      | Learned a level 1 spell: Freeze
   455 | D:1      | Reached skill level 2 in Spellcasting
   455 | D:1      | Reached skill level 2 in Conjurations
   455 | D:1      | Reached skill level 2 in Hexes
   455 | D:1      | Reached skill level 2 in Summonings
   455 | D:1      | Reached skill level 2 in Necromancy
   455 | D:1      | Reached skill level 2 in Translocations
   455 | D:1      | Reached skill level 2 in Transmutations
   455 | D:1      | Reached skill level 2 in Fire Magic
   455 | D:1      | Reached skill level 2 in Ice Magic
   455 | D:1      | Reached skill level 2 in Air Magic
   455 | D:1      | Reached skill level 2 in Earth Magic
   455 | D:1      | Reached skill level 2 in Poison Magic
   553 | D:1      | XOM: divination: detect items
   577 | D:1      | XOM: silly message
   703 | D:1      | XOM: noise
   878 | D:2      | Found a faded altar of an unknown god.
   923 | D:2      | Found Onimirr's Jewellery Emporium.
  1001 | D:2      | Reached XP level 4. HP: 34/35 MP: 0/0
  1146 | D:2      | XOM: silly message
  1190 | D:2      | XOM: silly message
  1823 | D:3      | XOM: divination: detect items
  1866 | D:3      | Reached skill level 3 in Spellcasting
  1866 | D:3      | Reached skill level 3 in Conjurations
  1866 | D:3      | Reached skill level 3 in Hexes
  1866 | D:3      | Reached skill level 3 in Summonings
  1866 | D:3      | Reached skill level 3 in Necromancy
  1866 | D:3      | Reached skill level 3 in Translocations
  1866 | D:3      | Reached skill level 3 in Transmutations
  1866 | D:3      | Reached skill level 3 in Fire Magic
  1866 | D:3      | Reached skill level 3 in Ice Magic
  1866 | D:3      | Reached skill level 3 in Air Magic
  1866 | D:3      | Reached skill level 3 in Earth Magic
  1866 | D:3      | Reached skill level 3 in Poison Magic
  1966 | D:3      | Reached XP level 5. HP: 40/40 MP: 0/0
  1966 | D:3      | Learned a level 2 spell: Passwall
  1972 | D:3      | XOM: potion effect (berserk rage)
  2090 | D:3      | Found Hyleal's Jewellery Shop.
  2228 | D:3      | XOM: god gift: 5 stones
  2375 | D:3      | XOM: divination: detect items
  2448 | D:3      | XOM: silly message
  2496 | D:3      | XOM: silly message
  2711 | D:4      | Noticed a phantom
  2713 | D:4      | XOM: summons 5 friendly demons
  2713 | D:4      | Noticed a phantom
  2738 | D:4      | Noticed Duvessa
  2741 | D:4      | Noticed Dowan
  2743 | D:4      | Duvessa changed into Duvessa the worm
  2743 | D:4      | Noticed Duvessa
  2743 | D:4      | XOM: polymorph Duvessa -> Duvessa the worm
  2749 | D:4      | Killed Duvessa the worm
  2752 | D:4      | XOM: 5-stop teleportation journey
  2755 | D:4      | Gained mutation: You do not regenerate when monsters are
                  | visible. [potion of mutation]
  2755 | D:4      | Gained mutation: You are clumsy. (Dex -2) [potion of
                  | mutation]
  2755 | D:4      | Gained mutation: You are somewhat resistant to further
                  | mutation. [potion of mutation]
  2756 | D:4      | Dowan changed into Dowan the scorpion
  2756 | D:4      | Noticed Dowan
  2756 | D:4      | XOM: polymorph Dowan -> Dowan the scorpion
  2759 | D:4      | XOM: scenery: create altars
  2761 | D:4      | HP: 3/40 [Dowan the scorpion (3)]
  2764 | D:4      | Slain by Dowan the scorpion

Vanquished Creatures
  An orc priest (D:3)
  4 adders (D:2)
  2 worms
  A dart slug (D:1)
  3 orcs (D:3)
  6 ball pythons
  6 bats
  3 endoplasms (D:2)
  A giant cockroach (D:2)
  6 goblins
  7 hobgoblins
  5 jackals
  6 kobolds
  3 quokkas
  3 frilled lizards
  8 rats
65 creatures vanquished.

Table legend: (Time is in decaauts)
 A = Elapsed time spent in this place.
 B = Non-inter-level travel time spent in this place.
 C = Inter-level travel time spent in this place.
 D = Time resting spent in this place.
 E = Time spent auto-exploring this place.
 F = Levels seen in this place.
 G = Mean time per level.
                   A        B        C        D        E       F      G
               +--------+--------+--------+--------+--------+-----+--------+
         Total |   2799 |   2714 |     85 |    154 |   1917 |   4 |  699.8 |
       Dungeon |   2799 |   2714 |     85 |    154 |   1917 |   4 |  699.8 |
               +--------+--------+--------+--------+--------+-----+--------+

Top non-repeatable levels by time:
     D:2: 1143 daAuts
     D:3: 1065 daAuts
     D:1: 553 daAuts
     D:4: 37 daAuts

Table legend:
 A = Non-vault XP
 B = Vault XP
 C = Vault XP percentage of total XP
 D = Non-vault monster count
 E = Vault monster count
 F = Vault count percentage of total count
                 A         B        C        D         E       F
            +---------+---------+-------+---------+---------+-------
      Total |     164 |      41 |  20.0 |      56 |       9 |  13.8
            +---------+---------+-------+---------+---------+-------
        D:1 |      29 |      10 |  25.6 |      16 |       6 |  27.3
        D:2 |      53 |      26 |  32.9 |      18 |       2 |  10.0
        D:3 |      79 |       0 |   0.0 |      20 |       0 |   0.0
        D:4 |       3 |       5 |  62.5 |       2 |       1 |  33.3
            +---------+---------+-------+---------+---------+-------
